 Dungeon Crawl Stone Soup version 0.27-a0-40-g5f2be0e231 (webtiles) character file.

Game seed: 10319719963649918314

350 sahdkjhfkaj the Caller (level 6, 0/53 HPs)
             Began as an Ogre Summoner on Jan 5, 2021.
             Slain by a nameless horror (11 damage)
             ... created by miscasting Summon Lightning Spire
             ... on level 4 of the Dungeon.
             The game lasted 00:06:11 (5204 turns).

sahdkjhfkaj the Caller (Ogre Summoner)              Turns: 5204, Time: 00:06:12

Health: 0/53       AC:  3    Str: 13    XL:     6   Next: 60%
Magic:  4/9        EV: 10    Int: 18    God:
Gold:   187        SH:  0    Dex:  9    Spells: 2/9 levels left

rFire    + . .     SeeInvis .   a - +1 trident (freeze)
rCold    . . .     Faith    .   (no shield)
rNeg     . . .     Spirit   .   k - +0 robe
rPois    .         Reflect  .   (helmet restricted)
rElec    .         Harm     .   (no cloak)
rCorr    .         Rampage  .   (gloves unavailable)
Will     .....                  (boots unavailable)
Stlth    +.........             (no amulet)
HPRegen  0.17/turn              r - ring of protection from fire
MPRegen  0.11/turn              (no ring)

@: no status effects
A: large, unfitting armour, tough skin 1
a: no special abilities


You were on level 4 of the Dungeon.
You visited 1 branch of the dungeon, and saw 4 of its levels.

You collected 187 gold pieces.

Inventory:

Hand Weapons
 a - a +1 trident of freezing (weapon)
Armour
 k - a +0 robe (worn)
Jewellery
 r - a ring of protection from fire (left hand)
Scrolls
 c - 2 scrolls of blinking
 e - 5 scrolls of remove curse
 g - a scroll of magic mapping
 h - a scroll of fear
 i - 2 scrolls of teleportation {unknown}
 m - a scroll of enchant weapon {unknown}
 n - a scroll of random uselessness {unknown}
 s - a scroll of fog {unknown}
Potions
 b - 5 potions of curing
 d - 2 potions of heal wounds {unknown}
 f - 2 potions of haste {unknown}
 j - a potion of ambrosia {unknown}
 l - 2 potions of might {unknown}
 o - a potion of brilliance {unknown}
 p - a potion of mutation {unknown}
 q - a potion of flight {unknown}
 t - a potion of magic {unknown}
 u - a potion of cancellation {unknown}


   Skills:
 - Level 1.7 Dodging
 - Level 1.4 Stealth
 - Level 2.4 Spellcasting
 + Level 7.0 Summonings


You had 2 spell levels left.
You knew the following spells:

 Your Spells              Type           Power        Failure   Level
a - Summon Small Mammal   Summ           100%         1%          1
e - Summon Lightning Spi  Summ/Air       14%          38%         4
C - Call Imp              Summ           27%          1%          2

Your spell library contained the following spells:

 Spells                   Type           Power        Failure   Level
 Call Canine Familiar     Summ           27%          2%          3
 Summon Guardian Golem    Hex/Summ       14%          12%         3
 Summon Ice Beast         Ice/Summ       14%          38%         4


Dungeon Overview and Level Annotations

Branches:
Dungeon (4/15)
 Temple: D:4-7

Altars:
Dithmenos
Sif Muna
Uskayaw
Xom
Zin

Annotations:
D:4 2 runed translucent doors, WimpyRanger's ghost, weakling KoDe


Innate Abilities, Weirdness & Mutations

You are too large for most types of armour.
You have tough skin. (AC +1)


Message History

You feel sick.
You feel sick.
Found 13 gold pieces.
You feel sick.
The angel recites the books of the Law.
You feel sick.
You feel sick. The nameless horror hits you!
* * * LOW HITPOINT WARNING * * *
You feel your power leaking away.
Unknown command.
You feel sick.
Your magical contamination has completely faded away.
You feel sick.
You feel sick.
You are no longer poisoned.
The nameless horror barely misses you.
You see here a +0 giant spiked club.
The nameless horror hits you!
You die...

...._....##....## #........
..#####..#...### #........
..#...#†...#.# #####........
..#...#...##.####.....#.....#
..#..A#..###.##...#########..
..#####..###....##....).....#
...._..............######....
.............X.######.....###
..##########@### #.###.^.. .
#.# ##.# #.### #.# #..# #.###
#<# #.## #.... ##.# ####.#
#....
######.)####....####)...
#..(.).......##>.....###
##...[..######...####.###
##...[....<.....### #....


You could see an angel and a nameless horror.

Vanquished Creatures
  Duvessa (D:4)
  2 ogres (D:4)
  Dowan (D:4)
  An orc priest (D:4)
  A worker ant (D:4)
  An ooze (D:3)
  A dart slug (D:2)
  2 orcs (D:4)
  3 ball pythons
  2 giant cockroaches
  7 goblins
  A hobgoblin (D:3)
  5 bats
  3 frilled lizards
  6 kobolds
  A leopard gecko skeleton (D:4)
  5 rats
43 creatures vanquished.

Vanquished Creatures (collateral kills)
  An orc wizard (D:4)
  2 adders (D:3)
  A worm (D:2)
  An orc (D:4)
  2 giant cockroaches
  4 hobgoblins
  2 kobolds
  A ball python (D:1)
  2 bats (D:1)
  A frilled lizard (D:1)
17 creatures vanquished.

Grand Total: 60 creatures vanquished

Notes
Turn   | Place    | Note
-------+----------+-------------------------------------------
     0 | D:1      | sahdkjhfkaj the Ogre Summoner began the quest for the Orb.
     0 | D:1      | Reached XP level 1. HP: 16/16 MP: 3/3
   647 | D:1      | Reached skill level 4 in Summonings
   647 | D:1      | Reached XP level 2. HP: 23/24 MP: 5/5
   655 | D:1      | Learned a level 2 spell: Call Imp
  1808 | D:2      | Found a faded altar of an unknown god.
  1814 | D:2      | Reached XP level 3. HP: 31/31 MP: 6/6
  2284 | D:2      | Found a shimmering blue altar of Sif Muna.
  2336 | D:3      | Found a glowing drain.
  2934 | D:3      | Found a shadowy altar of Dithmenos.
  3269 | D:3      | Reached skill level 5 in Summonings
  3286 | D:3      | Reached XP level 4. HP: 34/39 MP: 7/7
  3742 | D:3      | Found a hide-covered altar of Uskayaw.
  3927 | D:4      | Learned a level 4 spell: Summon Lightning Spire
  3945 | D:4      | Found a runed translucent door.
  3950 | D:4      | Noticed WimpyRanger's ghost (weakling KoDe)
  3981 | D:4      | Found a runed translucent door.
  4013 | D:4      | Found a sand-covered staircase.
  4053 | D:4      | Noticed an ogre
  4075 | D:4      | Killed an ogre
  4139 | D:4      | Noticed an ogre
  4147 | D:4      | Killed an ogre
  4148 | D:4      | Reached skill level 6 in Summonings
  4148 | D:4      | Reached XP level 5. HP: 44/45 MP: 8/8
  4150 | D:4      | Noticed Duvessa
  4184 | D:4      | Noticed Dowan
  4195 | D:4      | Noticed an angel
  4712 | D:4      | Killed Duvessa
  4713 | D:4      | Reached XP level 6. HP: 19/53 MP: 1/9
  4713 | D:4      | Killed Dowan
  5142 | D:4      | Found a shimmering altar of Xom.
  5144 | D:4      | Found a glowing silver altar of Zin.
  5151 | D:4      | Noticed a nameless horror
  5153 | D:4      | Reached skill level 7 in Summonings
  5204 | D:4      | Slain by a nameless horror

Illustrated notes

Levels and vault maps discovered:
D:1:      dpeg_arrival_boxorama, layout_loops_ring,
          hangedman_decor_clover_reticule, minmay_hexomino_u4
D:2:      layout_basic, lemuel_blue_sif_altar, chequers_ecumenical_altar_island
D:3:      layout_basic, lemuel_crystal_altar, general_overflow_altar,
          cheibrodos_sewer_entry_drain, minivault_4
D:4:      layout_rooms, grunt_temple_overflow_order_and_chaos_1,
          nicolae_ossuary_entry_false_entrances, ebering_ghost_sewer_f,
          chequers_jeans, uniq_duvessa

Skill      XL: |  1  2  3  4  5  6 |
---------------+-------------------+-----
Summonings     | 4 5 6 7 |  7.0
Dodging        | |  1.7
Stealth        | |  1.4
Spellcasting   | |  2.4

Action                   |  1- 3 |  4- 6 || total
-------------------------+-------+-------++-------
Melee: Unarmed           |    64 |       ||    64
       Spear             |    78 |       ||    78
       Dagger            |    10 |       ||    10
       Short sword       |     3 |       ||     3
       Trident           |     5 |    45 ||    50
 Cast: Summon Small Mamm |    15 |       ||    15
       Call Imp          |    11 |     8 ||    19
       Summon Lightning  |       |     5 ||     5
  Use: Scroll            |     4 |     1 ||     5
       Potion            |     1 |       ||     1
 Stab: Sleeping          |     3 |       ||     3
       Distracted        |       |     2 ||     2
Armor: Robe              |    47 |     2 ||    49
Dodge: Dodged            |    75 |    16 ||    91

Table legend: (Time is in decaauts)
 A = Elapsed time spent in this place.
 B = Non-inter-level travel time spent in this place.
 C = Inter-level travel time spent in this place.
 D = Time resting spent in this place.
 E = Time spent auto-exploring this place.
 F = Levels seen in this place.
 G = Mean time per level.
                   A        B        C        D        E       F      G
               +--------+--------+--------+--------+--------+-----+--------+
         Total |   5238 |   5049 |    189 |   1352 |   3008 |   4 | 1309.5 |
       Dungeon |   5238 |   5049 |    189 |   1352 |   3008 |   4 | 1309.5 |
               +--------+--------+--------+--------+--------+-----+--------+

Top non-repeatable levels by time:
     D:3: 2081 daAuts
     D:1: 1807 daAuts
     D:2: 767 daAuts
     D:4: 580 daAuts
